 Dungeon Crawl Stone Soup version 0.28-a0-1202-g1e6f1b2279 (webtiles) character file.

Game seed: 4502949853468639866

23 Ijustatesigmund the Chopper (level 2, -1/27 HPs)
             Began as a Hill Orc Fighter on Dec 20, 2021.
             Slain by a hobgoblin (3 damage)
             ... on level 2 of the Dungeon.
             The game lasted 00:00:57 (619 turns).

Ijustatesigmund the Chopper (Hill Orc Fighter)       Turns: 619, Time: 00:00:58

Health: -1/27      AC:  6    Str: 18    XL:     2   Next: 95%
Magic:  2/2        EV:  7    Int:  8    God:
Gold:   32         SH:  8    Dex: 10    Spells: 1/1 levels left

rFire   . . .      SeeInvis .   a - +0 war axe
rCold   . . .      Faith    .   c - +0 kite shield
rNeg    . . .      Spirit   .   b - +0 scale mail
rPois   .          Reflect  .   (no helmet)
rElec   .          Harm     .   (no cloak)
rCorr   .          Rampage  .   (no gloves)
Will    .....                   (no boots)
Stlth   ..........              (no amulet)
HPRegen 0.09/turn               (no ring)
MPRegen 0.08/turn               (no ring)

@: mighty, flying
A: no striking features
a: no special abilities


You were on level 2 of the Dungeon.
You visited 1 branch of the dungeon, and saw 2 of its levels.

You collected 32 gold pieces.

Inventory:

Hand Weapons
 a - a +0 war axe (weapon)
Armour
 b - a +0 scale mail (worn)
 c - a +0 kite shield (worn)
Scrolls
 f - a scroll of magic mapping {unknown}
 g - a scroll of fog


   Skills:
 + Level 4.0 Fighting
 * Level 4.1 Axes
 - Level 3.2 Armour
 - Level 3.2 Shields


You had one spell level left.
You didn't know any spells.
Your spell library was empty.

Dungeon Overview and Level Annotations

Branches:
Dungeon (2/15)

Altars:


Message History

You kill the jackal!
The jackal barely misses you.
The jackal bites you but does no damage.
You closely miss the jackal.
The jackal bites you but does no damage.
The jackal bites you.
* * * LOW HITPOINT WARNING * * *
You slash the jackal!
You kill the jackal!
The adder bites you but does no damage.
You barely miss the adder.
The adder is heavily wounded.
The adder bites you but does no damage. The adder barely misses you.
You miss the adder.
The adder is heavily wounded.
The adder bites you but does no damage. x2
You closely miss the adder.
The adder is heavily wounded.
The adder barely misses you. The adder bites you.
* * * LOW HITPOINT WARNING * * *
You closely miss the adder.
The adder is heavily wounded.
You block the adder's attack. The adder bites you but does no damage.
You barely miss the adder.
The adder is heavily wounded.
The adder bites you.
* * * LOW HITPOINT WARNING * * *
You block the adder's attack.
You closely miss the adder.
The adder is heavily wounded.
The adder closely misses you. The adder bites you but does no damage.
You hit the adder.
You kill the adder!
The hobgoblin closely misses you.
Your Fighting skill increases to level 4!
Your Axes skill increases to level 4!
You barely miss the hobgoblin. You block the hobgoblin's attack.
You closely miss the hobgoblin. The hobgoblin closely misses you.
The hobgoblin hits you.
You die...

#.#.# #
#.#.# #.
#.#.#
.###.##...##
...........#
#......##
#.......#
#.###.###
#..gg@#
#.#.###
#.#.# #.###
#...#
#.#.###.#
#.......#
#...###.#
#...#...#


You could see a hobgoblin and a goblin.

Vanquished Creatures
  An adder (D:2)
  2 endoplasms (D:1)
  A goblin (D:1)
  A hobgoblin (D:1)
  2 jackals (D:2)
  2 ball pythons (D:1)
  A bat (D:1)
  2 kobolds (D:1)
  2 rats (D:1)
14 creatures vanquished.

Notes
Turn   | Place    | Note
-------+----------+-------------------------------------------
     0 | D:1      | Ijustatesigmund the Hill Orc Fighter began the quest for
                  | the Orb.
     0 | D:1      | Reached XP level 1. HP: 19/19 MP: 1/1
   136 | D:1      | Reached XP level 2. HP: 23/27 MP: 2/2
   371 | D:1      | Found a faded altar of an unknown god.
   615 | D:2      | HP: 1/27 [adder (1)]
   619 | D:2      | Slain by a hobgoblin

Illustrated notes

Levels and vault maps discovered:
D:1:      psy_arrival_dodecagon, layout_rooms,
          shapermc_ecumenical_altar_notcrosses, patterned_corridor
D:2:      wad_river_or_something, layout_basic

Skill      XL: |  1  2 |
---------------+-------+-----
Axes           | 3 4 |  4.1
Fighting       | 4 |  4.0
Armour         | |  3.2
Shields        | |  3.2

Action                   || total
-------------------------++-------
Melee: War axe           ||    34
  Use: Scroll            ||     1
       Potion            ||     2
Armor: Scale mail        ||    19
Dodge: Dodged            ||    12
Block: Buckler           ||     1
       Kite shield       ||    11

Table legend: (Time is in decaauts)
 A = Elapsed time spent in this place.
 B = Non-inter-level travel time spent in this place.
 C = Inter-level travel time spent in this place.
 D = Time resting spent in this place.
 E = Time spent auto-exploring this place.
 F = Levels seen in this place.
 G = Mean time per level.
                   A        B        C        D        E       F      G
               +--------+--------+--------+--------+--------+-----+--------+
         Total |    635 |    615 |     20 |      0 |    512 |   2 |  317.5 |
       Dungeon |    635 |    615 |     20 |      0 |    512 |   2 |  317.5 |
               +--------+--------+--------+--------+--------+-----+--------+

Top non-repeatable levels by time:
     D:1: 583 daAuts
     D:2: 52 daAuts
